 Dungeon Crawl Stone Soup version 0.27-a0-869-g165b36e3f0 (webtiles) character file.

Game seed: 17615493600312739400

205 srzhan31 the Magician (level 5, -1/35 HPs)
             Began as a Djinni Fire Elementalist on Apr 2, 2021.
             Was an Initiate of Makhleb.
             Slain by a goblin
             ... wielding a +0 club
              (4 damage)
             ... on level 4 of the Dungeon.
             The game lasted 00:07:20 (4154 turns).

srzhan31 the Magician (Djinni Fire Elementalist)    Turns: 4154, Time: 00:07:21

Health: -1/35      AC:  2    Str: 13    XL:     5   Next: 83%
Gold:   182        EV: 12    Int: 18    God:    Makhleb [......] SH:  0 Dex: 13

rFire    + + .     SeeInvis .   d - +2 mace (protect)
rCold    x . .     Faith    .   (no shield)
rNeg     + . .     Spirit   .   a - +0 robe
rPois    ∞         Reflect  .   (no helmet)
rElec    .         Harm     .   (no cloak)
rCorr    .         Rampage  .   (no gloves)
Will     .....                  (boots unavailable)
Stlth    ++........             (no amulet)
HPRegen  0.11/turn              g - +6 ring of strength
MPRegen  0.00/turn              k - ring of positive energy

@: flying
A: fire resistance 2, cold vulnerability 1, float, innate caster, hp casting,
extra vitality 1
a: Renounce Religion


You were on level 4 of the Dungeon.
You worshipped Makhleb.
Makhleb was noncommittal.
You visited 1 branch of the dungeon, and saw 4 of its levels.

You collected 182 gold pieces.

Inventory:

Hand Weapons
 d - a +2 mace of protection (weapon)
Missiles
 n - 3 atropa-tipped darts
Armour
 a - a +0 robe (worn)
Jewellery
 g - a +6 ring of strength (left hand)
 k - a ring of positive energy (right hand)
 p - a +6 ring of dexterity
Scrolls
 b - 5 scrolls of identify {unknown}
 e - 2 scrolls of teleportation {unknown}
 f - a scroll of immolation {unknown}
 m - 3 scrolls of magic mapping {unknown}
 o - a scroll of acquirement {unknown}
Potions
 c - a potion of lignification {unknown}
 h - a potion of flight {unknown}
 i - 2 potions of curing {unknown}
 j - a potion of might {unknown}
 l - a potion of attraction {unknown}


   Skills:
 + Level 2.7 Dodging
 - Level 1.6 Stealth
 + Level 5.2 Spellcasting


You couldn't memorise any spells.
You knew the following spells:

 Your Spells              Type           Power      Damage    Failure   Level
a - Foxfire               Conj/Fire      92%        2x1d8     1%          1
b - Conjure Flame         Conj/Fire      23%        6-21      4%          3
c - Inner Flame           Hex/Fire       23%        N/A       4%          3
d - Sticky Flame          Conj/Fire      23%        2d4       16%         4
e - Fireball              Conj/Fire      11%        3d7       38%         5
f - Sting                 Tmut/Pois      92%        1d7       1%          1
g - Blink                 Tloc           N/A        N/A       2%          2
Your spell library was empty.

Dungeon Overview and Level Annotations

Branches:
Dungeon (4/15)
 Temple: D:4-7

Altars:
Makhleb


Innate Abilities, Weirdness & Mutations

You are immune to poison.
Your flesh is very heat resistant. (rF++)
You are vulnerable to cold. (rC-)
You float through the air rather than walking.
You learn spells naturally, not from books.
Your magical power is your life essence.
You have superior vitality. (+4 HP)


Message History

The foxfire hits the orc but does no damage.
The orc is severely wounded.
The orc closely misses you.
Casting: Sting (safe; 1% risk of failure)
Confirm with . or Enter, or press ? or * to list all spells.
Aiming: Sting (safe; 1% risk of failure)
Press: ? - help, Shift-Dir - straight line, f/p - orc
Aim: an orc, wielding a +0 short sword and wearing a +0 leather armour (severely wounded, poisoned, 24% to evade)
The sting hits the orc.
The orc looks even sicker.
You kill the orc!
Makhleb accepts your kill.
* * * LOW HITPOINT WARNING * * *
Casting: Sting (safe; 1% risk of failure)
Confirm with . or Enter, or press ? or * to list all spells.
Aiming: Sting (safe; 1% risk of failure)
Press: ? - help, Shift-Dir - straight line, f - hobgoblin
Aim: a hobgoblin (24% to evade)
The sting hits the hobgoblin.
The hobgoblin is poisoned.
The hobgoblin is almost dead.
* * * LOW HITPOINT WARNING * * *
Unknown command.
Casting: Sting (safe; 1% risk of failure)
Confirm with . or Enter, or press ? or * to list all spells.
Aiming: Sting (safe; 1% risk of failure)
Press: ? - help, Shift-Dir - straight line, f/p - hobgoblin
Aim: a hobgoblin (severely wounded, poisoned, 24% to evade)
The sting hits the hobgoblin.
The hobgoblin looks even sicker.
You kill the hobgoblin!
Makhleb accepts your kill.
* * * LOW HITPOINT WARNING * * *
The goblin closely misses you.
Casting: Sting (safe; 1% risk of failure)
Confirm with . or Enter, or press ? or * to list all spells.
Aiming: Sting (safe; 1% risk of failure)
Press: ? - help, Shift-Dir - straight line, f - goblin
Aim: a goblin, wielding a +0 club (heavily wounded, 30% to evade)
The sting misses the goblin.
* * * LOW HITPOINT WARNING * * *
The goblin hits you with a +0 club.
You die...

#.#.#.#.....#
......#.#..##
#.#.#.#.##.##..#####
....).<..#.##.......
#.#.#.#.#.........
........)#.##..##
#.#.#.#.#.?.....#
...........###g##
#.#.#.#.#...# #†@#
............# ##.#
#.#.#.#.#...# #.#
............# #.#
.#.#.#...# #..
.....#### ##. .. #.


You could see a goblin.

Vanquished Creatures
  2 orc priests (D:2)
  5 adders
  2 dart slugs
  5 orcs
  8 ball pythons
  9 bats
  8 endoplasms
  7 giant cockroaches
  5 hobgoblins
  7 jackals
  A quokka (D:2)
  3 frilled lizards
  9 goblins
  12 kobolds
  4 rats
87 creatures vanquished.

Vanquished Creatures (collateral kills)
  A foxfire (D:4)
1 creature vanquished.

Vanquished Creatures (others)
  312 foxfires
312 creatures vanquished.

Grand Total: 400 creatures vanquished

Notes
Turn   | Place    | Note
-------+----------+-------------------------------------------
     0 | D:1      | srzhan31 the Djinni Fire Elementalist began the quest for
                  | the Orb.
     0 | D:1      | Reached XP level 1. HP: 15/15 MP: 0/0
   120 | D:1      | Reached skill level 3 in Spellcasting
   277 | D:1      | Reached XP level 2. HP: 19/21 MP: 0/0
   805 | D:1      | Reached XP level 3. HP: 18/25 MP: 0/0
   805 | D:1      | Learned a level 1 spell: Sting
  2110 | D:2      | Reached XP level 4. HP: 28/31 MP: 0/0
  2148 | D:2      | Reached skill level 4 in Spellcasting
  2480 | D:2      | Found a burning altar of Makhleb.
  2496 | D:2      | Reached XP level 5. HP: 13/35 MP: 0/0
  2496 | D:2      | Learned a level 2 spell: Blink
  2741 | D:2      | Became a worshipper of Makhleb the Destroyer
  3030 | D:2      | Reached skill level 5 in Spellcasting
  3928 | D:3      | Found a faded altar of an unknown god.
  4154 | D:4      | Slain by a goblin

Illustrated notes

Levels and vault maps discovered:
D:1:      lightli_arrival_quake, layout_basic
D:2:      layout_rooms, basic_altar
D:3:      layout_loops_ring, basic_ecumenical_altar
D:4:      layout_basic, nicolae_yredelemnul_corpse_copse,
          minmay_temple_entry_gardened_gates, st_stairs_11

Skill      XL: |  1  2  3  4  5 |
---------------+----------------+-----
Spellcasting   | 3 4 5 |  5.2
Dodging        | |  2.7
Stealth        | |  1.6

Action                   |  1- 3 |  4- 6 || total
-------------------------+-------+-------++-------
 Cast: Foxfire           |    94 |   106 ||   200
       Sting             |     6 |    17 ||    23
       Blink             |       |     1 ||     1
Armor: Robe              |     2 |     7 ||     9
Dodge: Dodged            |     6 |    24 ||    30

Table legend: (Time is in decaauts)
 A = Elapsed time spent in this place.
 B = Non-inter-level travel time spent in this place.
 C = Inter-level travel time spent in this place.
 D = Time resting spent in this place.
 E = Time spent auto-exploring this place.
 F = Levels seen in this place.
 G = Mean time per level.
                   A        B        C        D        E       F      G
               +--------+--------+--------+--------+--------+-----+--------+
         Total |   4151 |   3960 |    191 |      0 |   3477 |   4 | 1037.8 |
       Dungeon |   4151 |   3960 |    191 |      0 |   3477 |   4 | 1037.8 |
               +--------+--------+--------+--------+--------+-----+--------+

Top non-repeatable levels by time:
     D:1: 1858 daAuts
     D:2: 1456 daAuts
     D:3: 806 daAuts
     D:4: 29 daAuts
